Map: Catalyst LE

Players

JaySlays

  • Race: Protoss Protoss
  • Spawn Location: 11:00

sidebolo

  • Race: Protoss Protoss
  • Spawn Location: 5:00

Wolf

  • Race: Zerg Zerg
  • League: Diamond

Sky

  • Race: Zerg Zerg

VOD

Have the link to the VOD?

Description

Time

  • Played on: April 15, 2018, 8:10 p.m.
  • Length: 20:03
Show
View Real Time Build Order
Export as new Build Order

JaySlays Protoss 

Build Orders: Zealot Archon 

Get SALT Encoding   

  12  0:00  Probe  
  13  0:13  Probe  
  14  0:19  Pylon  
  14  0:25  Probe  
  15  0:37  Probe  
  15  0:41  Gateway  
  16  0:48  Assimilator  
  16  0:50  Probe (Chrono Boost)  
  17  1:01  Probe (Chrono Boost)  
  18  1:06  Probe (Chrono Boost)  
  19  1:16  Probe  
  19  1:17  Assimilator  
  20  1:28  Probe  
  20  1:29  Cybernetics Core  
  23  1:43  Pylon, Probe  
  22  1:55  Probe  
  23  2:02  Warp Gate (Chrono Boost)  
  23  2:11  Probe (Chrono Boost)  
  24  2:16  Nexus  
  25  2:23  Probe (Chrono Boost)  
  25  2:32  Probe (Chrono Boost), Twilight Council  
  26  2:41  Adept  
  28  2:48  Pylon  
  28  2:50  Probe  
  28  3:02  Probe  
  28  3:03  Gateway  
  29  3:12  Gateway  
  29  3:17  Adept  
  31  3:28  Resonating Glaives (Chrono Boost)  
  31  3:40  Probe  
  32  3:47  Pylon  
  31  4:03  Adept x2  
  35  4:10  Adept  
  37  4:19  Gateway x2  
  37  4:21  Probe x2  
  39  4:33  Probe x2  
  39  4:35  Pylon  
  41  4:45  Templar Archives, Probe  
  42  4:46  Pylon  
  42  4:55  Probe  
  42  4:57  Probe  
  44  5:00  Gateway  
  44  5:01  Shield Battery  
  44  5:07  Probe  
  45  5:09  Probe, Assimilator  
  45  5:11  Assimilator  
  46  5:19  Probe (Chrono Boost)  
  46  5:20  Psionic Storm  
  47  5:24  High Templar x3  
  53  5:31  Probe (Chrono Boost)  
  53  5:33  Probe (Chrono Boost)  
  53  5:41  Stalker x2  
  57  5:45  Archon  
  57  5:47  Probe  
  57  5:48  Probe  
  59  5:57  High Templar  
  59  6:00  Probe  
  62  6:05  Shield Battery  
  62  6:07  Archon  
  62  6:16  Pylon  
  62  6:18  Pylon  
  62  6:23  Forge  
  62  6:24  Probe  
  61  6:29  Stalker x2  
  61  6:35  Stalker x3  
  67  6:43  Gateway  
  67  6:56  Probe x2  
  67  7:01  Charge  
  69  7:03  Nexus  
  69  7:08  Robotics Facility  
  69  7:12  Probe (Chrono Boost)  
  71  7:17  Probe (Chrono Boost)  
  71  7:19  Pylon  
  71  7:21  Probe (Chrono Boost), High Templar  
  71  7:22  High Templar  
  76  7:23  High Templar  
  76  7:26  Archon  
  78  7:33  Protoss Ground Weapons Level 1 (Chrono Boost)  
  74  7:44  Zealot x3  
  80  7:55  Immortal (Chrono Boost)  
  84  8:01  High Templar  
  86  8:05  Pylon  
  86  8:07  Pylon  
  86  8:14  Probe  
  87  8:21  Pylon  
  87  8:24  Zealot x4  
  87  8:25  Archon  
  87  8:26  Probe  
  88  8:28  Probe x2  
  88  8:32  Stalker  
  92  8:39  Probe  
  93  8:42  Gateway, Observer (Chrono Boost)  
  93  8:45  Gateway  
  93  8:47  Probe  
  93  8:48  Probe  
  96  8:51  Probe  
  96  8:59  Probe  
  97  9:04  Probe x2  
  99  9:11  Probe  
  99  9:12  Stalker  
  99  9:13  Stalker x4  
  99  9:14  Stalker  
  99  9:16  Probe  
  103  9:19  Immortal  
  105  9:24  Shield Battery  
  105  9:29  Protoss Ground Armor Level 1  
  105  9:39  Assimilator  
  105  9:41  Assimilator  
  105  9:46  Photon Cannon  
  105  9:49  Stalker x2  
  105  9:50  Stalker x3  
  115  9:56  Shield Battery  
  115  9:59  Shield Battery  
  114  10:06  Stalker x2  
  93  10:08  Photon Cannon  
  91  10:22  Stalker  
  91  10:24  Stalker  
  95  10:33  Probe x2  
  95  10:48  Probe x2  
  93  10:53  High Templar  
  93  10:56  High Templar  
  83  11:02  Archon  
  77  11:11  Probe x2, Robotics Facility  
  78  11:28  Stalker x3  
  84  11:38  Photon Cannon  
  84  11:39  Probe x2  
  86  11:46  High Templar x3  
  88  11:57  Probe  
  88  11:58  Pylon, Probe x2  
  91  12:08  Archon  
  91  12:12  Protoss Ground Weapons Level 2 (Chrono Boost)  
  91  12:13  Immortal x2 (Chrono Boost)  
  99  12:27  High Templar  
  101  12:34  Probe x2 (Chrono Boost)  
  101  12:35  Probe (Chrono Boost)  
  104  12:45  Immortal (Chrono Boost)  
  104  12:46  Probe x2 (Chrono Boost)  
  104  12:51  Probe (Chrono Boost)  
  111  13:03  Pylon  
  112  13:05  Probe  
  112  13:07  Stalker x2  
  112  13:09  Zealot  
  118  13:14  Probe (Chrono Boost)  
  118  13:17  Probe (Chrono Boost)  
  121  13:23  Probe (Chrono Boost)  
  121  13:24  High Templar x2  
  121  13:25  Probe (Chrono Boost)  
  126  13:30  Probe (Chrono Boost)  
  126  13:39  High Templar x2  
  126  13:40  Probe  
  126  13:41  Stalker  
  133  13:46  Pylon  
  133  13:51  Archon, Stargate  
  133  14:04  Immortal  
  135  14:12  Protoss Ground Armor Level 2 (Chrono Boost)  
  126  14:20  Probe  
  126  14:21  Probe x2  
  129  14:33  Probe  
  129  14:36  Pylon  
  130  14:41  Photon Cannon  
  130  14:43  Photon Cannon  
  130  14:44  Zealot x4  
  130  14:45  Zealot  
  140  14:51  Pylon  
  140  14:53  Pylon  
  140  14:55  Shield Battery  
  140  14:56  Observer  
  141  15:09  Stalker x4  
  141  15:10  Stalker x2  
  153  15:16  Pylon  
  153  15:24  Stalker  
  153  15:25  Stalker x2  
  155  15:35  Stalker  
  155  15:36  Stalker  
  138  15:44  Stalker x2  
  138  15:49  Photon Cannon  
  109  15:57  Immortal  
  109  15:59  High Templar  
  109  16:00  High Templar  
  96  16:17  Fleet Beacon  
  86  16:38  Protoss Shields Level 1 (Chrono Boost)  
  86  16:56  Photon Cannon  
  86  17:00  Probe x2  
  88  17:09  Probe  
  88  17:12  Probe x2  
  91  17:21  Probe  
  92  17:24  Probe  
  92  17:27  Stargate  
  92  17:29  Stargate  
  93  17:30  Probe  
  93  17:33  Probe  
  95  17:39  Stalker x2  
  99  17:45  Stalker x3  
  99  17:59  Pylon  
  99  18:01  Carrier (Chrono Boost)  
  105  18:08  Probe x2  
  107  18:19  Shield Battery  
  107  18:20  Shield Battery  
  107  18:27  Nexus  
  106  18:37  Carrier (Chrono Boost)  
  106  18:40  Carrier (Chrono Boost)  
  118  18:49  Photon Cannon  
  114  19:05  Stalker, Nexus  
  114  19:06  Stalker  
  114  19:07  Stalker  
  106  19:11  High Templar x2  
  106  19:16  Archon  
  68  19:55  Archon  
Show
View Real Time Build Order
Export as new Build Order

sidebolo Protoss 

Build Orders:  

Get SALT Encoding   

  12  0:01  Drone  
  13  0:09  Drone  
  14  0:16  Overlord  
  14  0:35  Drone  
  14  0:36  Drone x2  
  17  1:05  Spawning Pool  
  16  1:12  Drone  
  16  1:21  Drone  
  16  1:22  Drone, Hatchery  
  17  1:27  Drone  
  17  1:30  Extractor  
  17  1:41  Overlord  
  17  1:47  Drone  
  18  1:52  Queen  
  20  2:04  Drone  
  21  2:09  Drone  
  22  2:25  Zergling x2  
  23  2:35  Queen  
  25  2:48  Hatchery  
  25  2:49  Zergling x8  
  28  2:52  Drone  
  28  2:58  Metabolic Boost  
  29  3:02  Drone  
  30  3:06  Drone  
  31  3:14  Queen  
  33  3:22  Drone  
  33  3:23  Drone  
  35  3:31  Drone x2  
  35  3:33  Overlord  
  36  3:45  Overlord x2  
  36  3:48  Overlord  
  35  4:01  Roach Warren  
  34  4:03  Roach Warren  
  34  4:05  Drone  
  34  4:07  Drone  
  36  4:10  Drone  
  36  4:14  Drone x2  
  35  4:18  Drone  
  35  4:21  Drone  
  35  4:23  Drone  
  38  4:24  Drone  
  38  4:27  Drone  
  38  4:28  Drone x2  
  38  4:29  Drone  
  44  4:32  Extractor  
  44  4:34  Extractor  
  42  4:41  Drone  
  42  4:43  Roach x3  
  42  4:45  Zergling x2  
  50  4:47  Roach  
  52  4:53  Zergling x6  
  52  5:01  Roach x2  
  60  5:07  Roach x2  
  60  5:14  Roach x2  
  60  5:15  Drone  
  61  5:22  Queen  
  61  5:30  Drone x3  
  64  5:39  Drone x2  
  64  5:40  Drone x2  
  66  5:43  Lair  
  66  5:56  Drone x2  
  66  5:57  Drone x5  
  69  5:59  Drone  
  74  6:08  Overlord x2  
  74  6:17  Pneumatized Carapace  
  73  6:19  Drone  
  73  6:24  Drone  
  73  6:26  Drone  
  73  6:27  Drone x6  
  73  6:28  Drone x2  
  74  6:34  Drone x4  
  74  6:38  Roach  
  72  6:43  Spire  
  69  6:48  Overlord  
  69  6:49  Roach x3  
  69  6:52  Extractor  
  74  6:58  Roach x4  
  74  7:00  Roach x2  
  86  7:09  Roach x4  
  86  7:10  Zergling x2, Spine Crawler  
  86  7:15  Overlord x2  
  94  7:17  Overlord  
  94  7:29  Roach  
  90  7:32  Roach  
  90  7:35  Roach x4  
  90  7:36  Roach x2  
  97  7:39  Roach  
  97  7:41  Overlord  
  95  7:44  Roach  
  95  7:47  Zergling x4  
  95  7:49  Zergling x2  
  96  7:57  Zergling x8  
  98  7:59  Overlord  
  92  8:22  Zergling x10  
  92  8:23  Zergling x4  
  92  8:26  Roach  
  97  8:29  Drone  
  96  8:42  Hatchery  
  95  8:49  Mutalisk  
  95  8:50  Mutalisk x5  
  106  8:55  Hatchery  
  106  8:58  Overseer  
  106  8:59  Drone x4  
  106  9:10  Roach  
  106  9:12  Glial Reconstitution  
  106  9:14  Overlord  
  106  9:22  Extractor  
  105  9:24  Drone  
  106  9:35  Drone  
  107  9:47  Drone  
  107  9:48  Drone  
  107  9:52  Zergling x12  
  115  9:54  Extractor  
  115  9:58  Extractor  
  113  10:02  Mutalisk x2  
  113  10:05  Zergling x4  
  114  10:16  Roach x3  
  108  10:26  Roach x3  
  98  10:29  Roach x3  
  98  10:30  Roach x3  
  98  10:34  Queen  
  98  10:38  Roach x3  
  98  10:41  Zergling x2  
  88  11:02  Drone x3  
  88  11:03  Drone x4  
  93  11:07  Drone x2  
  95  11:14  Overlord x2, Hatchery  
  94  11:26  Overlord  
  94  11:27  Drone x4  
  94  11:28  Drone x2  
  94  11:32  Drone x2  
  102  11:36  Drone  
  87  11:43  Zergling x2  
  87  11:44  Zergling x8  
  92  11:47  Drone  
  91  11:58  Drone x4  
  91  11:59  Drone  
  96  12:09  Zergling x6  
  96  12:10  Queen  
  101  12:20  Zergling x10  
  106  12:24  Drone x2  
  106  12:25  Drone, Extractor  
  106  12:28  Drone  
  109  12:35  Mutalisk x2  
  109  12:36  Mutalisk x2  
  117  12:39  Hatchery  
  116  12:45  Queen  
  118  12:54  Zergling x8  
  118  12:55  Zergling x14  
  127  13:02  Infestation Pit  
  126  13:14  Drone x2  
  126  13:15  Drone x6  
  134  13:21  Drone x2  
  128  13:34  Overlord x2  
  128  13:35  Overlord x3  
  128  13:36  Evolution Chamber  
  128  13:38  Evolution Chamber  
  126  13:42  Drone x2  
  126  13:43  Drone  
  126  13:45  Queen  
  131  13:49  Roach x2  
  131  13:51  Overlord x2, Roach x2  
  136  14:12  Zergling x8  
  136  14:13  Zergling x12  
  136  14:14  Zerg Melee Weapons Level 1  
  136  14:15  Zerg Ground Armor Level 1, Zergling x4  
  136  14:16  Mutalisk x2, Zergling x14  
  136  14:17  Zergling x4  
  137  14:27  Roach x4  
  137  14:28  Roach x2  
  149  14:36  Queen  
  151  14:51  Infestor x4  
  151  14:52  Infestor x2  
  161  14:54  Mutalisk x3  
  161  14:55  Mutalisk x6  
  161  14:56  Mutalisk  
  181  15:00  Hive  
  182  15:07  Roach x5  
  182  15:09  Roach  
  192  15:17  Zergling x4  
  192  15:18  Zergling x8  
  168  15:44  Zergling x12  
  168  15:45  Zergling x2  
  168  15:48  Zergling x2, Roach x3  
  168  15:49  Zergling x14  
  161  15:50  Zergling x6  
  161  15:55  Queen  
  153  16:00  Zergling x8  
  153  16:01  Zergling x2, Infestor x2  
  153  16:02  Roach  
  154  16:08  Drone  
  146  16:11  Mutalisk, Zergling x6  
  149  16:23  Adrenal Glands  
  149  16:29  Hatchery  
  149  16:31  Queen  
  150  16:34  Mutalisk x3  
  150  16:35  Mutalisk x4  
  150  16:37  Drone  
  150  16:38  Drone x6  
  150  16:39  Drone x4  
  173  16:46  Zerg Ground Armor Level 2  
  173  16:47  Zerg Melee Weapons Level 2  
  172  17:07  Drone x4  
  172  17:08  Drone x5  
  181  17:09  Drone x3  
  181  17:10  Drone x2, Overlord x2  
  186  17:35  Overlord  
  186  17:37  Extractor  
  186  17:39  Extractor  
  184  17:56  Zergling x14  
  184  17:57  Zergling x14  
  184  17:58  Zergling x4  
  200  18:01  Ultralisk Cavern  
  197  18:14  Queen  
  197  18:17  Spine Crawler  
  197  18:19  Spine Crawler  
  197  18:21  Spine Crawler x2  
  197  18:23  Drone x5, Spore Crawler, Spine Crawler  
  197  18:24  Drone  
  199  18:30  Spore Crawler  
  198  18:45  Overlord  
  198  18:46  Overlord x2  
  198  18:50  Burrow  
  198  18:51  Drone x2  
  184  19:12  Ultralisk x2  
Show
View Real Time Build Order
Export as new Build Order

Wolf Zerg 

Build Orders:  

Get SALT Encoding   

Show
View Real Time Build Order
Export as new Build Order

Sky Zerg 

Build Orders:  

Get SALT Encoding   

Tags
 
Add a new tag
Caveats
  • Supply blocks, unpowered buildings, or Contaminate may cause inaccurate times.
  • Supply counts are checked every 10 seconds.